 Dungeon Crawl Stone Soup version 0.20.1-1-g8b1a95d (webtiles) character file.

20998 dohliylev the Unseen (level 12, 0/75 HPs)
             Began as a Vampire Enchanter on Dec 8, 2017.
             Was a High Priest of Makhleb.
             Engulfed by a cloud of freezing vapour (24 damage)
             ... in an ice cave.
             The game lasted 01:20:24 (17066 turns).

dohliylev the Unseen (Vampire Enchanter)           Turns: 17066, Time: 01:20:24

Health: 0/75       AC:  0    Str:  7    XL:     12   Next: 50%
Magic:  21/23      EV: 30    Int: 19    God:    Makhleb [*****.]
Gold:   631        SH:  6    Dex: 23    Spells: 3/25 levels left

rFire    . . .     SeeInvis +   (weapon currently unavailable)
rCold    . . .     Gourm    .   (shield currently unavailable)
rNeg     + . .     Faith    .   (armour currently unavailable)
rPois    .         Spirit   .   (helmet currently unavailable)
rElec    .         Reflect  +   (cloak currently unavailable)
rCorr    .         Harm     .   (gloves currently unavailable)
MR       +....                  (boots currently unavailable)
Stlth    ++++++++..             t - +6 amulet of reflection
Regen    0.3/turn               (ring currently unavailable)
MPRegen  0.2/turn               (ring currently unavailable)

@: bat-form, flying, very quick
A: fangs 3, see invisible
a: End Transformation, Minor Destruction, Lesser Servant of Makhleb, Major
Destruction, Greater Servant of Makhleb, Renounce Religion


You were in an ice cave.
You worshipped Makhleb.
Makhleb was extremely pleased with you.
You were not thirsty.
You were in vampire-bat-form.
You visited 3 branches of the dungeon, and saw 16 of its levels.
You also visited: Ossuary and Ice Cave.

You collected 631 gold pieces.

Inventory:

Hand Weapons
 a - a +4 dagger of electrocution (melded)
 l - a +4 dagger
 o - a +0 dagger of flaming
Armour
 k - a +0 pair of gloves (melded)
 P - a +0 helmet (melded)
 R - a +0 troll leather armour (melded)
Jewellery
 i - an uncursed ring of protection from fire
 s - a +2 ring of protection
 t - a +6 amulet of reflection (around neck)
 y - a +2 ring of intelligence (melded)
 B - an uncursed amulet of rage
 E - a +4 ring of dexterity (melded)
 L - an uncursed ring of positive energy
 M - an uncursed amulet of regeneration
Wands
 r - a wand of confusion (27/48)
 K - a wand of iceblast (3/15)
 N - a wand of acid (4/15)
 T - a wand of lightning (8/15)
Scrolls
 d - a scroll of noise {unknown}
 f - 3 scrolls of amnesia {unknown}
 g - 4 scrolls of magic mapping
 h - 2 scrolls of enchant armour
 j - a scroll of fog {unknown}
 n - 2 scrolls of blinking {unknown}
 p - 9 scrolls of remove curse
 u - a scroll of vulnerability {unknown}
 A - 8 scrolls of teleportation
 D - a scroll of random uselessness {unknown}
 J - a scroll of torment {unknown}
 O - a scroll of recharging {unknown}
Potions
 e - 21 potions of blood
 m - 4 potions of curing
 q - a potion of lignification {unknown}
 v - a potion of ambrosia {unknown}
 w - 2 potions of haste {unknown}
 x - 4 potions of heal wounds {unknown}
 z - a potion of resistance {unknown}
 C - a potion of mutation {unknown}
 F - a potion of berserk rage {unknown}
 G - 3 potions of agility
 H - a potion of might {unknown}
 I - a potion of magic {unknown}
 U - a potion of brilliance {unknown}
Books
 b - a book of Cantrips

   Spells                             Type                      Level
   a - Confusing Touch                Hexes                        1
   b - Animate Skeleton               Necromancy                   1
   c - Summon Small Mammal            Summoning                    1
   d - Apportation                    Translocation                1
 c - a book of Maledictions

   Spells                             Type                      Level
   a - Corona                         Hexes                        1
   b - Ensorcelled Hibernation        Hexes/Ice                    2
   c - Confuse                        Hexes                        3
   d - Tukima's Dance                 Hexes                        3
   e - Dazzling Spray                 Conjuration/Hexes            3
 S - a book of Debilitation

   Spells                             Type                      Level
   a - Corona                         Hexes                        1
   b - Slow                           Hexes                        2
   c - Inner Flame                    Hexes/Fire                   3
   d - Portal Projectile              Hexes/Translocation          3
   e - Cause Fear                     Hexes                        4
   f - Leda's Liquefaction            Hexes/Earth                  4
Miscellaneous
 Q - a lamp of fire
 V - a lamp of fire


   Skills:
 - Level 0.3 Fighting
 - Level 1.1 Short Blades
 - Level 9.0 Dodging
 - Level 15.0 Stealth
 + Level 7.4 Spellcasting
 - Level 9.0 Hexes
 - Level 5.1 Ice Magic
 + Level 11.8 Invocations


You had 3 spell levels left.
You knew the following spells:

 Your Spells              Type           Power        Failure   Level  Hunger
a - Corona                Hex            #####..      1%          1    None
b - Ensorcelled Hibernat  Hex/Ice        ####..       1%          2    None
c - Confuse               Hex            #####...     1%          3    #......
d - Tukima's Dance        Hex            #####...     1%          3    #......
e - Cause Fear            Hex            #####.....   2%          4    ###....
f - Slow                  Hex            #####...     1%          2    None
g - Dazzling Spray        Conj/Hex       ###...       4%          3    #......
h - Leda's Liquefaction   Hex/Erth       ###.......   16%         4    ###....


Dungeon Overview and Level Annotations

Branches:
Dungeon (11/15)            Temple (1/1) D:4            Lair (4/6) D:10
 Shoals (0/4) Lair:3       Spider (0/4) Lair:4
    Orc: D:9-12

Altars:
Ashenzari
Cheibriados
Dithmenos
Elyvilon
Fedhas
Gozag
Hepliaklqana
Kikubaaqudgha
Makhleb
Nemelex Xobeh
Okawaru
Qazlal
Ru
Sif Muna
Trog
Uskayaw
Vehumet
Xom
Yredelemnul
Zin
The Shining One

Shops:
D:6 [   D:9 =}(%

Annotations:
Lair:1 exclusion: 2 oklob plants


Innate Abilities, Weirdness & Mutations

You have razor-sharp teeth.
You have supernaturally acute eyesight. (SInv)
((You can survive without breathing.))


Message History

You enter the shallow water.
Moving in this stuff is going to be slow.
You start resting.
Magic restored.
You start resting.
You are engulfed in freezing vapours.
You turn into a vampire bat.
Your +4 dagger of electrocution melds into your body.
Your +0 helmet melds into your body.
Your +0 pair of gloves melds into your body.
Your +0 troll leather armour melds into your body.
Your +2 ring of intelligence melds into your body.
Your +4 ring of dexterity melds into your body.
Your +4 dagger of electrocution stops crackling.
You feel stupid.
You feel clumsy.
You are engulfed in freezing vapours.
You are engulfed in freezing vapours.
* * * LOW HITPOINT WARNING * * *
You feel better.
You are engulfed in freezing vapours.
You die...

######## ##.#....##
#####.[..##..##
##..∩##..####..#
#∩..####..###.§# #### # #....#
#..##..§## #..####
#...####...##.§§## ####.!#Y.
##..####...####§§§# ##..#.†YY#
#...##...####b#§#####...#.####
#..##...## ##§#.##..≈##.##
#......## ##§...#######
##...### ###### #####


There were no monsters in sight!

Vanquished Creatures
  2 hydras
  3 two-headed ogres
  A queen ant (Lair:3)
  An unseen horror (D:10)
  Pikel (D:8)
  An ugly thing (D:10)
  4 elephants (Lair:3)
  3 spiny frogs
  2 komodo dragons (Lair:3)
  A rime drake (Lair:3)
  2 trolls (D:10)
  2 polar bears (IceCv)
  Grinder (D:6)
  A hippogriff (Lair:1)
  A spriggan (D:9)
  A vampire (D:9)
  The ghost of Anon1729 the Shield-Bearer, an amateur DDFi (D:4)
  9 yaks
  2 basilisks (Lair:3)
  A hungry ghost (D:7)
  12 soldier ants
  3 porcupines (Lair:3)
  7 water moccasins
  A black bear (D:7)
  5 sky beasts
  2 orc warriors
  An ice beast (D:10)
  A phantom (D:8)
  A necrophage (D:7)
  4 ogres
  8 wolves
  3 centaurs
  5 crocodiles
  A big kobold (D:7)
  The ghost of bmj180 the Magician, an amateur DEFE (D:6)
  The ghost of bmj180 the Conjurer, an amateur DECj (D:3)
  4 bullfrogs
  A wyvern zombie (D:8)
  2 elf skeletons (D:5)
  13 scorpions
  2 electric eels (D:10)
  10 wights
  3 crimson imps
  A bullfrog zombie (D:11)
  A quasit (D:10)
  A centaur zombie (Ossuary)
  A human zombie (Ossuary)
  A bullfrog skeleton (D:4)
  8 orc priests
  2 centaur skeletons
  2 gnoll shamans
  9 hounds
  10 orc wizards
  3 iguanas
  41 worker ants
  Natasha (D:2)
  2 big kobold zombies (Ossuary)
  3 mummies (Ossuary)
  A worker ant zombie (D:7)
  Robin (D:2)
  10 gnolls
  4 scorpion zombies (Ossuary)
  12 adders
  A shadow imp (D:8)
  4 oozes
  An adder zombie (D:6)
  An adder skeleton (D:7)
  4 worms
  A dart slug (D:2)
  11 leopard geckos
  21 orcs
  5 giant cockroaches
  13 goblins
  8 hobgoblins
  17 jackals
  3 quokkas
  4 ball pythons
  5 bats
  4 frilled lizards
  2 goblin zombies (Ossuary)
  A hobgoblin zombie (Ossuary)
  12 kobolds
  A kobold zombie (Ossuary)
  3 orc skeletons (D:5)
  3 orc zombies
  A quokka zombie (D:7)
  7 rats
378 creatures vanquished.

Vanquished Creatures (others)
  2 scorpions (Ossuary)
  A centaur zombie (Ossuary)
  An adder (D:8)
  A goblin zombie (Ossuary)
  A kobold zombie (Ossuary)
6 creatures vanquished.

Grand Total: 384 creatures vanquished

Notes
Turn   | Place    | Note
-------+----------+-------------------------------------------
     0 | D:1      | dohliylev the Vampire Enchanter began the quest for the Orb.
     0 | D:1      | Reached XP level 1. HP: 13/13 MP: 3/3
   295 | D:1      | Reached skill level 5 in Stealth
   487 | D:1      | Reached XP level 2. HP: 5/19 MP: 3/5
   491 | D:1      | Learned a level 2 spell: Ensorcelled Hibernation
   852 | D:1      | Reached skill level 6 in Stealth
  1229 | D:1      | Reached XP level 3. HP: 18/24 MP: 1/6
  2161 | D:2      | Noticed Robin
  2213 | D:2      | Reached skill level 7 in Stealth
  2467 | D:2      | Killed Robin
  2476 | D:2      | Reached XP level 4. HP: 24/31 MP: 1/7
  2707 | D:2      | Noticed Natasha
  2710 | D:2      | Killed Natasha
  2710 | D:2      | Reached skill level 8 in Stealth
  3058 | D:3      | Reached XP level 5. HP: 36/36 MP: 8/8
  3079 | D:3      | Reached skill level 5 in Hexes
  3152 | D:3      | Reached skill level 1 in Ice Magic
  3403 | D:3      | Noticed bmj180's ghost (amateur DECj)
  4025 | D:3      | Reached XP level 6. HP: 42/42 MP: 5/10
  4482 | D:3      | Learned a level 3 spell: Confuse
  4506 | D:3      | Learned a level 3 spell: Tukima's Dance
  4520 | D:3      | Killed bmj180's ghost
  4662 | D:4      | Noticed Anon1729's ghost (amateur DDFi)
  4672 | D:4      | Killed Anon1729's ghost
  4777 | D:4      | Reached XP level 7. HP: 43/47 MP: 9/12
  4877 | D:4      | Found a staircase to the Ecumenical Temple.
  4902 | Temple   | Entered the Ecumenical Temple
  4972 | Temple   | Became a worshipper of Makhleb the Destroyer
  5642 | D:5      | Entered Level 5 of the Dungeon
  6033 | D:5      | Reached skill level 5 in Spellcasting
  6138 | D:5      | Reached XP level 8. HP: 49/53 MP: 15/15
  6172 | D:5      | Reached skill level 1 in Invocations
  6178 | D:5      | Found a sand-covered staircase.
  6190 | Ossuary  | Entered an ossuary
  6557 | Ossuary  | Reached * piety under Makhleb
  7126 | Ossuary  | Reached skill level 5 in Invocations
  7764 | D:5      | Found a snail-covered altar of Cheibriados.
  7766 | D:5      | Found a radiant altar of Vehumet.
  7766 | D:5      | Found a burning altar of Makhleb.
  7768 | D:5      | Found a white marble altar of Elyvilon.
  7768 | D:5      | Found an ancient bone altar of Kikubaaqudgha.
  7768 | D:5      | Found a shimmering altar of Xom.
  7998 | D:6      | Noticed bmj180's ghost (amateur DEFE)
  8010 | D:6      | Killed bmj180's ghost
  8194 | D:6      | Found Ybiepn's Armour Boutique.
  8321 | D:6      | Reached skill level 9 in Stealth
  8321 | D:6      | Reached XP level 9. HP: 58/58 MP: 16/16
  8387 | D:6      | Noticed Grinder
  8401 | D:6      | Killed Grinder
  8401 | D:6      | Reached skill level 10 in Stealth
  8780 | D:7      | Reached skill level 11 in Stealth
  8855 | D:7      | Found a white marble altar of Elyvilon.
  8939 | D:7      | Reached skill level 12 in Stealth
  9190 | D:7      | Found a basalt altar of Yredelemnul.
  9413 | D:7      | Reached ** piety under Makhleb
  9761 | D:7      | Reached skill level 5 in Ice Magic
 10357 | D:8      | Found a glowing golden altar of the Shining One.
 10357 | D:8      | Found a shattered altar of Ashenzari.
 10361 | D:8      | Found an iron altar of Okawaru.
 10528 | D:8      | Noticed Pikel
 10538 | D:8      | Killed Pikel
 10538 | D:8      | Reached XP level 10. HP: 54/64 MP: 15/20
 10788 | D:9      | Found a sacrificial altar of Ru.
 11135 | D:9      | Found Gewiqaid's Jewellery Shoppe.
 11291 | D:9      | Reached *** piety under Makhleb
 11337 | D:9      | Found Yzxoticy's Food Shop.
 11615 | D:9      | Found Dom Ruerch's Gadget Emporium.
 11679 | D:9      | Noticed a two-headed ogre
 11788 | D:9      | Killed a two-headed ogre
 12059 | D:9      | Found Nisyod's Antique Weapon Shoppe.
 12190 | D:10     | Entered Level 10 of the Dungeon
 12195 | D:10     | Noticed an unseen horror
 12200 | D:10     | Killed an unseen horror
 12343 | D:10     | Reached skill level 10 in Invocations
 12345 | D:10     | Noticed a two-headed ogre
 12579 | D:10     | Killed a two-headed ogre
 12579 | D:10     | Reached XP level 11. HP: 69/69 MP: 19/21
 12615 | D:10     | Found an ancient bone altar of Kikubaaqudgha.
 12733 | D:10     | Found a staircase to the Lair.
 12754 | D:10     | Reached **** piety under Makhleb
 12775 | D:10     | Reached skill level 5 in Dodging
 13244 | D:10     | Noticed a two-headed ogre
 13246 | D:10     | Killed a two-headed ogre
 13416 | D:10     | Noticed a brown ugly thing
 13427 | D:10     | Killed a brown ugly thing
 13719 | Lair:1   | Entered Level 1 of the Lair of Beasts
 13749 | Lair:1   | Found a hazy altar of Hepliaklqana.
 13861 | Lair:1   | Noticed a six-headed hydra
 13988 | Lair:1   | Killed a six-headed hydra
 14378 | Lair:1   | Noticed an oklob plant
 14378 | Lair:1   | Noticed an oklob plant
 14459 | Lair:1   | Reached skill level 13 in Stealth
 14662 | Lair:2   | Found a shattered altar of Ashenzari.
 14877 | Lair:2   | Noticed an eight-headed hydra
 14885 | Lair:2   | Killed an eight-headed hydra
 14885 | Lair:2   | Reached skill level 14 in Stealth
 15419 | Lair:3   | Found a staircase to the Shoals.
 15585 | Lair:3   | Reached ***** piety under Makhleb
 15585 | Lair:3   | Reached XP level 12. HP: 67/75 MP: 9/22
 15662 | Lair:3   | Reached skill level 15 in Stealth
 15706 | Lair:3   | Noticed a queen ant
 15715 | Lair:3   | Killed a queen ant
 16851 | Lair:4   | Found a frozen archway.
 16873 | Lair:4   | Learned a level 4 spell: Cause Fear
 16876 | Lair:4   | Learned a level 2 spell: Slow
 16880 | Lair:4   | Learned a level 3 spell: Dazzling Spray
 16885 | Lair:4   | Learned a level 4 spell: Leda's Liquefaction
 16886 | IceCv    | Entered an ice cave
 17066 | IceCv    | Engulfed by a cloud of freezing vapour

Skill      XL: |  1  2  3  4  5  6  7  8  9 10 11 12 |
---------------+-------------------------------------+-----
Stealth        | 5 6 7 8 9 12 14 15 | 15.0
Hexes          | 5 7 8 9 |  9.0
Ice Magic      | 1 2 4 5 |  5.1
Spellcasting   | 3 5 7 |  7.4
Invocations    | 6 10 11 | 11.8
Dodging        | 3 9 |  9.0
Fighting       | |  0.3
Short Blades   | |  1.1

Action                   |  1- 3 |  4- 6 |  7- 9 | 10-12 || total
-------------------------+-------+-------+-------+-------++-------
Melee: Dagger            |    89 |    84 |   266 |   180 ||   619
       Bite              |     7 |     4 |    13 |     7 ||    31
       Unarmed           |       |       |       |     1 ||     1
 Cast: Corona            |    11 |     7 |     7 |       ||    25
       Ensorcelled Hiber |    23 |    29 |    81 |   157 ||   290
       Confuse           |       |     2 |    42 |    22 ||    66
Invok: Minor Destruction |       |       |       |   196 ||   196
 Abil: Bat Form          |       |     2 |    19 |    66 ||    87
       End Transformatio |       |     2 |    19 |    65 ||    86
  Use: Potion            |     2 |     2 |     9 |     5 ||    18
       Scroll            |       |       |     9 |     4 ||    13
 Stab: Sleeping          |    23 |    31 |    83 |   124 ||   261
       Distracted        |       |     1 |       |     1 ||     2
       Confused          |       |     4 |    17 |     8 ||    29
  Eat: Corpse            |     4 |     5 |     2 |     7 ||    18
Armor: Robe              |    12 |     8 |    23 |     6 ||    49
       Troll leather arm |       |       |       |    13 ||    13
Dodge: Dodged            |    53 |    30 |    93 |    99 ||   275
Block: Other             |       |       |    36 |    24 ||    60
